 Dungeon Crawl Stone Soup version 0.30-a0-568-g124715a40b (webtiles) character file.

Game seed: 7758071374566755962

10594 billz999 the Carver (level 11, -2/81 HPs)
             Began as a Djinni Ice Elementalist on Dec 29, 2022.
             Was a Believer of Makhleb.
             Slain by a vampire (11 damage)
             ... on level 10 of the Dungeon.
             The game lasted 00:28:39 (12284 turns).

billz999 the Carver (Djinni Ice Elementalist)      Turns: 12284, Time: 00:28:40

Health: -2/81      AC:  5    Str:  7    XL:     11   Next: 95%
Gold:   648        EV: 12    Int: 21    God:    Makhleb [**....] SH:  5 Dex: 14

rFire   + + .      SeeInvis +    s - +4 long sword (elec)
rCold   x . .      Faith    .    d - +0 buckler
rNeg    . . .      Spirit   .    y - +2 robe {Will+}
rPois   ∞          Reflect  .    (no helmet)
rElec   .          Harm     .    i - +0 cloak
rCorr   .          Rampage  .    (no gloves)
Will    ++...                    (boots unavailable)
Stlth   ++                       (no amulet)
HPRegen 0.33/turn                u - ring of see invisible
MPRegen 0.00/turn                (no ring)

@: freezing walls, flying
A: sickness immunity, fire resistance 2, cold vulnerability 1, float, innate
caster, HP casting, extra vitality 1, no potion heal 1, MP-powered wands
a: Renounce Religion, Minor Destruction


You were on level 10 of the Dungeon.
You worshipped Makhleb.
Makhleb was pleased with you.
You visited 2 branches of the dungeon, and saw 12 of its levels.
You also visited: Sewer.

You collected 648 gold pieces.

Inventory:

Hand Weapons
 c - a +0 dagger
 j - a +0 halberd
 s - a +4 long sword of electrocution (weapon)
 z - a +4 shortbow
Missiles
 m - 3 curare-tipped darts
 v - a throwing net
Armour
 a - a +0 robe
 d - a +0 buckler (worn)
 i - a +0 cloak (worn)
 y - a +2 robe of willpower (worn)
Jewellery
 u - a ring of see invisible (left hand)
Wands
 k - a wand of roots (14)
 t - a wand of flame (43)
 C - a wand of digging (3)
 D - a wand of charming (5)
Scrolls
 g - 4 scrolls of teleportation
 h - a scroll of fog
 r - a scroll of immolation
 A - 4 scrolls of identify
 B - 3 scrolls of magic mapping
Potions
 b - 3 potions of magic
 e - a potion of curing
 f - 2 potions of might
 o - a potion of mutation
 p - 4 potions of haste
 q - a potion of resistance
 w - a potion of berserk rage {unknown}
 x - 2 potions of flight {unknown}
 E - 3 potions of attraction {unknown}


   Skills:
 - Level 8.2 Fighting
 + Level 12.8 Long Blades
 - Level 2.2 Dodging
 - Level 1.7 Stealth
 - Level 4.0 Shields
 - Level 6.0 Spellcasting


You couldn't memorise any spells.
You knew the following spells:

 Your Spells              Type           Power      Damage    Failure   Level
a - Freeze                Ice            100%       1d10      1%          1
b - Frozen Ramparts       Ice            62%        1d10      3%          3
c - Ozocubu's Armour      Ice            31%        N/A       3%          3
d - Summon Ice Beast      Ice/Summ       31%        N/A       11%         4
e - Magic Dart            Conj           100%       1d8       1%          1
f - Scorch                Fire           62%        2d8       1%          2
g - Teleport Other        Tloc           31%        N/A       3%          3
h - Petrify               Tmut/Erth      31%        N/A       11%         4
i - Arcjolt               Conj/Air       15%        1d25      28%         5
Your spell library was empty.

Dungeon Overview and Level Annotations

Branches:
Dungeon (11/15)            Temple (1/1) D:7            Lair (0/5) D:8
  Sewer (visited)
    Orc: D:9-12

Altars:
Ashenzari
Cheibriados
Dithmenos
Elyvilon
Fedhas
Gozag
Hepliaklqana
Makhleb
Nemelex Xobeh
Okawaru
Qazlal
Ru
Trog
Wu Jian
Xom
Yredelemnul
Zin
The Shining One

Shops:
D:8 (

Annotations:
D:10 1 transporter, mdonais's ghost, journeyman OpDe


Innate Abilities, Weirdness & Mutations

You are immune to sickness and miasma.
You are immune to poison.
Your flesh is very heat resistant. (rF++)
You are vulnerable to cold. (rC-)
You float through the air rather than walking.
You learn spells naturally, not from books.
Your magical power is your life essence.
You have superior vitality. (+4 MHP)
Potions are less effective at restoring your health.
You expend health (3 HP) to strengthen your wands.


Message History

Flames lash the orc warrior.
The orc warrior is heavily wounded.
The orc warrior's fire resistance burns away.
The orc warrior hits you with a +0 long sword.
Your ice beast barely misses the orc warrior.
Casting: Scorch (safe; 1% risk of failure)
Confirm with . or Enter, or press ? or * to list all spells.
Flames lash the orc warrior but do no damage.
The orc warrior closely misses you.
Your ice beast hits the orc warrior but does no damage.
Casting: Scorch (safe; 1% risk of failure)
Confirm with . or Enter, or press ? or * to list all spells.
Aiming: Freeze (safe; 1% risk of failure)
Press: ? - help, Shift-Dir - straight line, f - orc warrior
Aim: an orc warrior, wielding a +0 long sword and wearing a +0 plate armour (heavily wounded, more vulnerable to fire, ally target)
You freeze the orc warrior.
The orc warrior is heavily wounded.
The orc warrior hits you but does no damage.
Your ice beast hits the orc warrior but does no damage.
You are too injured to fight recklessly!
You slash the orc warrior!
The orc warrior is severely wounded.
The orc warrior hits you with a +0 long sword!
* * * LOW HITPOINT WARNING * * *
Your system partially rejects the healing.
You feel better.
Your ice beast hits the orc warrior.
Your ice beast freezes the orc warrior!
The orc warrior dies!
Makhleb accepts your kill.
The wall freezes the vampire but does no damage.
The vampire mumbles some strange words.
The vampire flickers and vanishes for a moment.
Casting: Freeze (safe; 1% risk of failure)
Confirm with . or Enter, or press ? or * to list all spells.
Flames lash the vampire but do no damage.
* * * LOW HITPOINT WARNING * * *
The vampire resists.
The wall freezes the vampire.
The vampire hits you!
* * * LOW HITPOINT WARNING * * *
The vampire bites you!
You die...

#..............#
####.
#..#####..##.###
## ..#####..#
#..##.# #
......)..# #..# #
.#######.#####..#
# # #.....(......#
#...
#.###.##..(..#
#.## #.#
#.##.....## ....
.###.###.......V@#
.©..
...............)Y#
####
.###.##.._.....(.#
...y >
#.##._8_.....##
...g
.###....[.......#
.g..
................#
...
.......K......###
....).YKc.....#
#####)##.######


You could see a vampire (invisible) and a friendly ice beast (summoned).

Vanquished Creatures
  2 two-headed ogres
  A deep elf pyromancer (D:10)
  Pikel (D:5)
  2 cyclopes
  A komodo dragon (D:9)
  Grinder (D:3)
  2 shadows (D:11)
  2 wraiths (D:10)
  A yak (D:10)
  2 wyverns (D:9)
  2 steam dragons
  An acid dragon (D:9)
  3 orc warriors
  2 black bears (D:5)
  A sky beast (D:8)
  2 ogres
  2 lemures (D:5)
  6 centaurs
  3 phantoms
  10 kobold brigands
  Blork the orc (D:5)
  2 bullfrogs
  A gnoll sergeant (D:9)
  4 scorpions
  A necrophage (D:6)
  4 wights (D:8)
  13 killer bees
  5 howler monkeys
  7 crimson imps (D:7)
  A jelly (D:5)
  A hound (D:5)
  4 orc priests
  Jessica (D:3)
  6 orc wizards
  5 iguanas
  10 adders
  9 gnolls
  6 river rats
  3 shadow imps
  2 white imps
  2 ufetubi
  7 worms
  6 dart slugs
  14 orcs
  7 endoplasms
  3 giant cockroaches
  7 goblins
  9 hobgoblins
  8 jackals
  26 kobolds
  7 quokkas
  7 ball pythons
  3 bats
  8 frilled lizards
  6 rats
253 creatures vanquished.

Vanquished Creatures (collateral kills)
  A gargoyle (D:11)
  Maggie (D:8)
  A troll (D:11)
  An acid dragon (D:11)
  An orc warrior (D:10)
  An ice beast (D:6)
  A lemure (D:5)
  A nameless horror (D:11)
  A kobold brigand (D:9)
  A necrophage (D:5)
  A bullfrog (D:8)
  Crazy Yiuf (D:5)
  An iguana (D:9)
  2 gnolls (D:9)
  A white imp (D:7)
  2 kobolds (D:9)
18 creatures vanquished.

Vanquished Creatures (others)
  7 plants (D:9)
  5 toadstools (D:6)
12 creatures vanquished.

Grand Total: 283 creatures vanquished

Notes
Turn   | Place    | Note
-------+----------+-------------------------------------------
     0 | D:1      | billz999 the Djinni Ice Elementalist began the quest for
                  | the Orb.
     0 | D:1      | billz999 set off with the following spells memorised:
                  | Freeze, Frozen Ramparts, Ozocubu's Armour, Summon Ice
                  | Beast.
     0 | D:1      | Reached XP level 1. HP: 15/15 MP: 0/0
    97 | D:1      | Reached XP level 2. HP: 20/21 MP: 0/0
   401 | D:1      | Found a faded altar of an unknown god.
   411 | D:1      | Reached XP level 3. HP: 18/25 MP: 0/0
   411 | D:1      | Learned a level 1 spell: Magic Dart
   864 | D:2      | Reached XP level 4. HP: 10/31 MP: 0/0
  1312 | D:2      | Reached XP level 5. HP: 22/35 MP: 0/0
  1312 | D:2      | Learned a level 2 spell: Scorch
  1656 | D:3      | Noticed Grinder
  1660 | D:3      | Paralysed by Grinder for 3 turns
  1668 | D:3      | Paralysed by Grinder for 4 turns
  1928 | D:3      | Noticed Jessica
  1931 | D:3      | Killed Jessica
  1932 | D:3      | Reached skill level 5 in Spellcasting
  2039 | D:3      | Found a white marble altar of Elyvilon.
  2194 | D:3      | Paralysed by Grinder for 3 turns
  2213 | D:3      | Killed Grinder
  2214 | D:3      | Reached XP level 6. HP: 13/41 MP: 0/0
  2214 | D:3      | Reached XP level 7. HP: 15/46 MP: 0/0
  2214 | D:3      | Learned a level 3 spell: Teleport Other
  2432 | D:3      | Reached skill level 1 in Fighting
  3103 | D:4      | Found a glowing drain.
  3140 | Sewer    | Entered a sewer
  3301 | Sewer    | Reached skill level 5 in Fighting
  3301 | Sewer    | Reached XP level 8. HP: 34/59 MP: 0/0
  4657 | D:5      | Entered Level 5 of the Dungeon
  4871 | D:5      | Reached XP level 9. HP: 57/70 MP: 0/0
  4871 | D:5      | Learned a level 4 spell: Petrify
  4928 | D:5      | Noticed Blork the orc
  4935 | D:5      | Killed Blork the orc
  5097 | D:5      | Reached skill level 1 in Long Blades
  5105 | D:5      | Noticed Pikel
  5113 | D:5      | Killed Pikel
  5114 | D:5      | Reached skill level 4 in Long Blades
  5193 | D:5      | Found a snail-covered altar of Cheibriados.
  5223 | D:5      | Found a runed translucent door.
  5224 | D:5      | Noticed Crazy Yiuf
  5518 | D:5      | Found a glowing golden altar of the Shining One.
  5586 | D:5      | Reached skill level 5 in Long Blades
  5898 | D:5      | Killed Crazy Yiuf
  6144 | D:6      | Reached skill level 6 in Long Blades
  6425 | D:6      | Reached XP level 10. HP: 68/76 MP: 0/0
  6516 | D:6      | Found a shimmering altar of Xom.
  6526 | D:6      | Reached skill level 7 in Long Blades
  6675 | D:6      | Reached skill level 1 in Shields
  7305 | D:7      | Found a staircase to the Ecumenical Temple.
  7313 | Temple   | Entered the Ecumenical Temple
  7351 | Temple   | Became a worshipper of Makhleb the Destroyer
  7824 | D:7      | Found a blossoming altar of Fedhas.
  7959 | D:7      | Found a sparkling altar of Nemelex Xobeh.
  8464 | D:8      | Reached skill level 8 in Long Blades
  8708 | D:8      | Reached * piety under Makhleb
  8843 | D:8      | Found a bloodstained altar of Trog.
  8857 | D:8      | Noticed Maggie
  8875 | D:8      | Killed Maggie
  9030 | D:8      | Found a sacrificial altar of Ru.
  9148 | D:8      | Reached skill level 9 in Long Blades
  9222 | D:8      | Found a staircase to the Lair.
  9292 | D:8      | Found Nyxziz's Antique Weapon Shoppe.
  9853 | D:9      | You are sucked into a shaft and drop 2 floors!
 10129 | D:11     | Noticed a cyclops
 10146 | D:11     | Killed a cyclops
 10147 | D:11     | Reached skill level 10 in Long Blades
 10147 | D:11     | Reached XP level 11. HP: 53/81 MP: 0/0
 10147 | D:11     | Learned a level 5 spell: Arcjolt
 10361 | D:10     | Entered Level 10 of the Dungeon
 10609 | D:9      | Noticed a two-headed ogre
 10630 | D:9      | HP: 2/81 [howler monkey (5)]
 10633 | D:9      | Reached skill level 11 in Long Blades
 11068 | D:9      | Found a shadowy altar of Dithmenos.
 11096 | D:9      | Killed a two-headed ogre
 11122 | D:9      | Reached ** piety under Makhleb
 11445 | D:9      | Found an ornate altar of the Wu Jian Council.
 11916 | D:10     | Noticed a two-headed ogre
 11926 | D:10     | Found a broken altar of Ashenzari.
 11933 | D:10     | Killed a two-headed ogre
 11934 | D:10     | Reached skill level 12 in Long Blades
 11948 | D:10     | Noticed a cyclops
 11955 | D:10     | Killed a cyclops
 12146 | D:10     | Noticed a deep elf pyromancer
 12150 | D:10     | Killed a deep elf pyromancer
 12163 | D:10     | Noticed a tengu warrior
 12163 | D:10     | Noticed a manticore
 12163 | D:10     | Noticed a brown ugly thing
 12163 | D:10     | Noticed a two-headed ogre
 12167 | D:10     | Gained mutation: You are clumsy. (Dex -2) [potion of
                  | mutation]
 12167 | D:10     | Gained mutation: You are occasionally teleported next to
                  | monsters. [potion of mutation]
 12167 | D:10     | Gained mutation: You expend health (3 HP) to strengthen
                  | your wands. [potion of mutation]
 12168 | D:10     | Found a basalt altar of Yredelemnul.
 12168 | D:10     | Noticed a two-headed ogre
 12179 | D:10     | Found a transporter.
 12179 | D:10     | Noticed mdonais's ghost (journeyman OpDe)
 12180 | D:10     | Noticed a two-headed ogre
 12276 | D:10     | Lost mutation: You are clumsy. (Dex -2) [potion of
                  | mutation]
 12276 | D:10     | Lost mutation: You are occasionally teleported next to
                  | monsters. [potion of mutation]
 12276 | D:10     | Lost mutation: You expend health (3 HP) to strengthen your
                  | wands. [potion of mutation]
 12276 | D:10     | Gained mutation: Potions are less effective at restoring
                  | your health. [potion of mutation]
 12276 | D:10     | Gained mutation: You expend health (3 HP) to strengthen
                  | your wands. [potion of mutation]
 12284 | D:10     | Slain by a vampire

Illustrated notes

Levels and vault maps discovered:
D:1:      eino_arrival_druids_welcome, layout_rooms,
          hellmonk_ecumenical_altar_run_dry, minmay_misc_feat_secret_circle
D:2:      layout_rooms
D:3:      layout_loops_corners, mainiacjoe_overflow_alcove_2, uniq_jessica,
          uniq_grinder
D:4:      layout_basic, portal_sewer_entry_b, hangedman_minor_gate_pass
D:5:      layout_basic, kennysheep_mini_moat, lemuel_doored_altar,
          nicolae_sextant, uniq_crazy_yiuf_cottage, uniq_pikel,
          uniq_blork_the_orc
D:6:      layout_loops_corners, mainiacjoe_overflow_24_doors,
          minmay_gold_behind_fungi, kennysheep_dice
D:7:      layout_loops_ring, mainiacjoe_overflow_six_doors_small,
          nemelex_dance_club_becter, minmay_temple_entry_steel_oval,
          minmay_nine_imps
D:8:      layout_cave_pools, lemuel_tele_altar, mainiacjoe_overflow_boulevard,
          serial_shops, nicolae_shop_crystal, uniq_maggie
D:9:      layout_loops_cross, nzn_wu_jian_contemplation,
          nicolae_dithmenos_the_darkroom, enter_bailey_2,
          grunt_decor_one_mirror, minmay_lizard_king
D:10:     cheibrodos_fzero, layout_loops_ring, marbit_many_paths,
          mainiacjoe_overflow_tiny_flanked,
          chequers_temple_overflow_statue_of_worship, gammafunk_ghost_arena
D:11:     layout_roguey, serial_shops, shop, nicolae_shop_hallway_stairs,
          hangedman_decor_lopped, chequers_guarded_unrand_ignorance
Temple:   nicolae_temple_ecumenical_triangle

Skill      XL: |  1  2  3  4  5  6  7  8  9 10 11 |
---------------+----------------------------------+-----
Spellcasting   | 4 6 |  6.0
Fighting       | 5 8 |  8.2
Long Blades    | 6 10 12 | 12.8
Shields        | 4 |  4.0
Dodging        | |  2.2
Stealth        | |  1.7

Action                   |  1- 3 |  4- 6 |  7- 9 | 10-12 || total
-------------------------+-------+-------+-------+-------++-------
Melee: Halberd           |       |       |     1 |       ||     1
       Long sword        |       |       |    20 |    71 ||    91
       Punch             |       |       |       |     2 ||     2
Throw: Dart              |       |       |       |     2 ||     2
 Cast: Freeze            |    39 |    11 |    45 |    33 ||   128
       Magic Dart        |     3 |    74 |   153 |   128 ||   358
       Frozen Ramparts   |     3 |    10 |    40 |    46 ||    99
       Ozocubu's Armour  |       |     2 |       |     9 ||    11
       Scorch            |       |       |     3 |    71 ||    74
       Summon Ice Beast  |       |       |     9 |    23 ||    32
       Petrify           |       |       |       |     4 ||     4
       Teleport Other    |       |       |       |     2 ||     2
Evoke: Wand              |       |       |       |     5 ||     5
  Use: Scroll            |     3 |     1 |     6 |    11 ||    21
       Potion            |       |     4 |       |     6 ||    10
 Stab: Distracted        |       |       |     1 |       ||     1
       Petrified         |       |       |       |     2 ||     2
       Petrifying        |       |       |       |     1 ||     1
Armor: Robe              |     4 |     4 |     3 |    24 ||    35
Dodge: Dodged            |    20 |     1 |    20 |    87 ||   128
Block: Buckler           |       |       |       |    25 ||    25

Table legend: (Time is in decaauts)
 A = Elapsed time spent in this place.
 B = Non-inter-level travel time spent in this place.
 C = Inter-level travel time spent in this place.
 D = Time resting spent in this place.
 E = Time spent auto-exploring this place.
 F = Levels seen in this place.
 G = Mean time per level.
                   A        B        C        D        E       F      G
               +--------+--------+--------+--------+--------+-----+--------+
         Total |  12284 |  11503 |    781 |   1246 |   8677 |  13 |  944.9 |
       Dungeon |  11174 |  10407 |    767 |   1056 |   7935 |  11 | 1015.8 |
        Temple |     51 |     37 |     14 |      0 |     32 |   1 |   51.0 |
         Sewer |   1057 |   1057 |      0 |    190 |    710 |   1 | 1057.0 |
               +--------+--------+--------+--------+--------+-----+--------+

Top non-repeatable levels by time:
     D:6: 1382 daAuts
     D:5: 1331 daAuts
     D:7: 1324 daAuts
     D:9: 1307 daAuts
     D:3: 1267 daAuts
     D:8: 1098 daAuts
   Sewer: 1057 daAuts
     D:2: 884 daAuts
     D:4: 851 daAuts
     D:1: 733 daAuts
    D:11: 507 daAuts
    D:10: 485 daAuts
  Temple: 51 daAuts
